AoeStats
← Tysanti

Arena

504579727Analyzed
3v3 RM · 26d ago on Sep 5, 2026· 85m 18s· 6 players
Game mode
Random Map
Map size
Normal (6 player)
Population
200
Speed
Normal
Resources
Standard
Victory
Conquest
Starting age
Dark Age
Ending age
Imperial Age
RankedLock teamsTeams togetherTeam positionsShared explorationLock speedFull tech treeHidden civsTurbo modeCheats
Victory
Defeat
🇳🇱 Koreans · Netherlands
543
+9
🇦🇷 Sicilians · Argentina
438
+13
🇦🇷 Bohemians · Argentina
398
+15
🇦🇷 Khmer · Argentina
432
-14
🇫🇷 Spanish · France
387
-13
🇨🇳 Lithuanians · China
310
-10
Kefreezer
1:30 Loom
13:38 Feudal Age
14:33 Town Watch
15:23 Wheelbarrow
16:54 Double-Bit Axe
17:26 Stone Mining
17:33 Horse Collar
18:40 Gold Mining
21:49 Forging
21:46 Scale Barding Armor
23:27 Fletching
29:50 Castle Age
28:09 Bloodlines
30:43 Town Patrol
31:02 Husbandry
30:35 Light Cavalry
33:10 Caravan
34:09 Iron Casting
33:55 Chain Barding Armor
33:52 Bow Saw
33:45 Heavy Plow
34:04 Hand Cart
35:15 Hill Forts
38:02 Masonry
38:03 Fortified Wall
37:36 Treadmill Crane
42:00 Imperial Age
39:41 Murder Holes
42:22 Stone Shaft Mining
42:52 Coinage
43:27 Guilds
44:45 Crop Rotation
43:48 Elite Leitis
45:21 Plate Barding Armor
46:05 Two-Man Saw
46:21 Architecture
46:26 Conscription
47:27 Hoardings
47:00 Winged Hussar
47:56 Bodkin Arrow
50:34 Onager
52:13 Bracer
58:19 Ballistics
Tysanti
13:23 Feudal Age
14:34 Loom
15:20 Double-Bit Axe
15:17 Horse Collar
23:13 Castle Age
23:47 Wheelbarrow
25:45 Bow Saw
26:30 Heavy Plow
28:01 Stone Mining
28:01 Gold Mining
31:32 Imperial Age
31:07 Hand Cart
32:52 Masonry
32:38 Murder Holes
33:31 Gold Shaft Mining
35:44 Elite Ballista Elephant
38:07 Forging
38:22 Ballistics
40:35 Architecture
41:34 Fletching
44:23 Crop Rotation
44:36 Iron Casting
43:57 Bodkin Arrow
47:47 Double Crossbow
47:48 Tusk Swords
49:25 Stone Shaft Mining
48:52 Bracer
51:27 Blast Furnace
50:49 Cavalier
50:50 Light Cavalry
51:31 Husbandry
51:54 Town Watch
52:22 Bloodlines
52:56 Scale Barding Armor
53:41 Conscription
54:16 Town Patrol
55:51 Chemistry
55:52 Heated Shot
56:14 Fortified Wall
55:55 Guard Tower
58:16 Chain Barding Armor
57:57 Hussar
69:19 Siege Engineers
70:34 Hoardings
69:30 Sappers
72:06 Keep
benbarka71
0:34 Loom
12:24 Feudal Age
13:57 Wheelbarrow
13:09 Town Watch
23:30 Horse Collar
23:41 Double-Bit Axe
23:58 Gold Mining
23:59 Stone Mining
26:13 Castle Age
26:03 Arson
27:27 Town Patrol
28:08 Hand Cart
30:16 Caravan
30:48 Coinage
30:44 Bow Saw
32:19 Forging
32:00 Fletching
32:11 Scale Mail Armor
32:12 Padded Archer Armor
32:18 Scale Barding Armor
32:22 Heavy Plow
33:09 Stone Shaft Mining
33:49 Masonry
33:33 Guard Tower
37:48 Pikeman
38:29 Squires
37:53 Elite Skirmisher
38:48 Bloodlines
38:38 Husbandry
44:50 Imperial Age
44:55 Iron Casting
44:16 Bodkin Arrow
44:37 Chain Mail Armor
44:37 Leather Archer Armor
44:43 Chain Barding Armor
44:49 Ballistics
44:40 Fortified Wall
44:26 Murder Holes
46:32 Architecture
47:04 Chemistry
46:40 Keep
45:51 Arrowslits
46:39 Banking
46:39 Guilds
46:08 Halberdier
47:35 Conscription
47:33 Redemption
46:52 Cavalier
48:07 Conscription
48:16 Inquisition
48:54 Hoardings
48:38 Devotion
48:35 Herbal Medicine
49:01 Sanctity
49:08 Illumination
48:59 Block Printing
48:55 Fervor
49:21 Theocracy
49:26 Heresy
49:09 Atonement
48:46 Light Cavalry
50:35 Thumb Ring
53:34 Blast Furnace
52:35 Bracer
53:06 Plate Mail Armor
59:08 Two-Man Saw
63:15 Faith
62:21 Hussar
67:14 Capped Ram
LellahTM
12:14 Feudal Age
12:40 Double-Bit Axe
21:53 Castle Age
20:20 Stone Mining
20:33 Gold Mining
20:43 Horse Collar
23:49 Heavy Plow
24:05 Bow Saw
25:24 Stone Shaft Mining
25:25 Fervor
28:39 Caravan
30:42 Wheelbarrow
29:53 Town Watch
31:47 Gold Shaft Mining
31:38 Loom
32:32 Hand Cart
33:09 Town Patrol
33:43 Eupseong
37:38 Imperial Age
35:22 Masonry
35:41 Ballistics
36:27 Murder Holes
36:42 Fortified Wall
36:15 Treadmill Crane
36:28 Fletching
36:38 Scale Mail Armor
36:49 Forging
36:44 Scale Barding Armor
37:14 Bodkin Arrow
37:25 Scale Barding Armor
36:49 Elite Skirmisher
37:29 Pikeman
37:55 Gambesons
38:10 Squires
37:55 Arson
37:53 Elite War Wagon
38:54 Conscription
39:46 Architecture
40:24 Chemistry
40:22 Bracer
40:37 Chain Mail Armor
43:47 Two-Man Saw
43:45 Iron Casting
43:30 Chain Barding Armor
43:42 Plate Mail Armor
48:16 Man-at-Arms
49:02 Long Swordsman
51:40 Two-Handed Swordsman
52:27 Champion
59:58 Halberdier
ratman
13:40 Feudal Age
11:57 Loom
14:12 Double-Bit Axe
14:11 Horse Collar
18:55 Castle Age
17:32 Town Watch
20:28 Heavy Plow
20:41 Bow Saw
21:14 Wheelbarrow
26:49 Imperial Age
24:06 Treadmill Crane
26:28 Chemistry
27:18 Hand Cart
30:32 Conscription
30:25 Hussite Reforms
30:39 Wagenburg Tactics
31:49 Ballistics
31:26 Fletching
31:47 Forging
31:38 Padded Archer Armor
31:45 Scale Mail Armor
31:12 Pikeman
31:15 Man-at-Arms
34:59 Caravan
35:10 Guilds
35:36 Masonry
36:45 Bodkin Arrow
37:26 Iron Casting
38:41 Two-Man Saw
37:17 Elite Hussite Wagon
37:27 Long Swordsman
38:09 Squires
41:00 Wagenburg Tactics
40:27 Sappers
41:04 Hussite Reforms
42:01 Town Patrol
42:07 Bracer
42:24 Leather Archer Armor
42:37 Chain Mail Armor
43:34 Crossbowman
45:35 Ring Archer Armor
46:06 Blast Furnace
45:37 Plate Mail Armor
47:03 Architecture
47:09 Arbalester
50:52 Houfnice
58:12 Scale Barding Armor
66:37 Bombard Tower
66:04 Arrowslits
66:09 Guard Tower
66:31 Careening
66:17 Murder Holes
66:37 Fortified Wall
66:55 Chain Barding Armor
67:09 Coinage
66:56 Fervor
66:47 Atonement
66:58 Redemption
67:09 Sanctity
66:49 Devotion
67:15 Illumination
67:06 Block Printing
66:46 Herbal Medicine
67:27 Theocracy
67:13 Heresy
83:05 Elite Skirmisher
83:55 Spies/Treason
_Hckt87 ⭕⃤ ⭕ FALCON
12:25 Feudal Age
14:17 Wheelbarrow
13:54 Horse Collar
14:05 Double-Bit Axe
14:30 Gold Mining
20:53 Castle Age
21:53 Hand Cart
21:26 Town Watch
21:27 Loom
24:59 Masonry
24:45 Murder Holes
26:24 Town Patrol
29:42 Stone Mining
30:34 Gold Shaft Mining
33:50 Stone Shaft Mining
33:39 First Crusade
33:51 First Crusade
33:38 Caravan
34:10 Coinage
34:00 Forging
33:51 Scale Mail Armor
33:44 Fletching
34:04 Padded Archer Armor
34:41 Heavy Plow
35:47 Arson
36:03 Squires
35:49 Gambesons
35:25 Man-at-Arms
35:26 Pikeman
36:23 Devotion
36:37 Fervor
36:49 Sanctity
36:25 Herbal Medicine
36:46 Long Swordsman
39:09 Bow Saw
39:38 Iron Casting
39:20 Chain Mail Armor
39:23 Leather Archer Armor
43:53 Imperial Age
41:35 Scale Barding Armor
43:27 Chain Barding Armor
43:04 Bodkin Arrow
45:38 Conscription
45:57 Elite Serjeant
47:59 Chemistry
47:06 Siphons
46:56 Heated Shot
48:40 Banking
48:46 Illumination
50:06 Blast Furnace
49:38 Plate Mail Armor
49:10 Bracer
50:15 Guilds
51:40 Hauberk
53:23 Halberdier
54:38 Sappers
58:18 Hoardings
60:31 Plate Barding Armor
60:23 Ballistics
60:34 Siege Engineers
60:15 Arrowslits
60:42 Careening
60:43 Clinker Construction
60:54 Shipwright
60:02 Two-Handed Swordsman
63:29 Faith
63:33 Dry Dock
64:35 Champion
65:50 Husbandry
65:11 Cavalier
84:45 Spies/Treason
Connection lost

Rejoining the realm…

Still unreachable

The connection could not be restored.

Session expired

The server has moved on; the page needs a fresh start.